[Event "*** Titled Tuesday Blitz"]
[Site "Chess.com"]
[Date "2020.12.01"]
[Round "6"]
[White "cstevens1"]
[Black "Gerasimenyuk_Miha"]
[Result "0-1"]
[WhiteElo "2646"]
[BlackElo "2424"]
[TimeControl "180+1"]
[EndTime "11:03:33 PST"]
[Termination "Gerasimenyuk_Miha won on time"]

1. e4 d5 2. exd5 Qxd5 3. Nc3 Qa5 4. Nf3 Nf6 5. Bc4 Nc6 6. O-O Bg4 7. h3 h5 8. Re1 e6 9. Bb5 O-O-O 10. hxg4 hxg4 11.
Bxc6 bxc6 12. Re5 Bc5 13. b4 Qxb4 14. Rb1 Qc4 15. d3 Qxc3 16. Bd2 Qa3 17. Rb3 g3 18. d4 Bxd4 19. Nxd4 gxf2+ 20. Kxf2 Qd6 21. Nf3 Ng4+ 0-1

[Event "*** Titled Tuesday Blitz"]
[Site "Chess.com"]
[Date "2020.12.01"]
[Round "6"]
[White "Rital44"]
[Black "Nikolaj_6"]
[Result "0-1"]
[WhiteElo "2453"]
[BlackElo "2628"]
[TimeControl "180+1"]
[EndTime "11:03:34 PST"]
[Termination "Nikolaj_6 won by resignation"]

1. e4 c5 2. Nf3 d6 3. d4 cxd4 4. Nxd4 Nf6 5. Nc3 a6 6. Be3 e5 7. Nb3 Be6 8. h3 h5 9. Qd2 Nbd7 10. O-O-O Rc8 11. f4 Be7 12. f5 Bc4 13. Bd3 h4 14.
Kb1 b5 15. g4 hxg3 16. Rdg1 Nh5 17. Nd5 Bxd5 18. exd5 Ndf6 19. Be2 Qc7 20. Na5 Nxd5 21.
Bxh5 Nxe3 22. Qxe3 Qxc2+ 23. Ka1 Rxh5 24. Rc1 g2 25. Rhg1 Qxf5 26. Nc6 Rxh3 27. Qa7 Qd7 28. Qxa6 Rh1 29. Rxh1 gxh1=Q 30. Rxh1 Qxc6 31. Rh8+ Bf8 0-1

[Event "*** Titled Tuesday Blitz"]
[Site "Chess.com"]
[Date "2020.12.01"]
[Round "6"]
[White "Bulldog167"]
[Black "DanilNajdin"]
[Result "1-0"]
[WhiteElo "2601"]
[BlackElo "2369"]
[TimeControl "180+1"]
[EndTime "11:03:34 PST"]
[Termination "Bulldog167 won by resignation"]

1. e4 e5 2. Ke2 Nc6 3. d3 Nf6 4. c4 Bc5 5. Be3 d6 6. h3 O-O 7. Nf3 Nh5 8. Ke1 Bxe3 9. fxe3 f5 10. exf5 Ng3 11. Rg1 e4 12. dxe4 Qe7 13. Nc3 Kh8 14. Bd3 Ne5 15. Kf2 Nh5 16. Nxe5 Qh4+ 17. g3 Qxh3 18. Qg4 Qxg4 19. Nxg4 g6 20. Ke2 gxf5 21. exf5 Bxf5 22. Bxf5 Rxf5 23. Nf2 Raf8 24. Nce4 Nf6 25. g4 Re5 26. Nxf6 Rxf6 27. Nd3 Re4 28. b3 c6 29. Raf1 Rfe6 30. Rg3 d5 31. Nc5 1-0

[Event "*** Titled Tuesday Blitz"]
[Site "Chess.com"]
[Date "2020.12.01"]
[Round "6"]
[White "FMOlexandrProhorov"]
[Black "LastHeroJr"]
[Result "1-0"]
[WhiteElo "2215"]
[BlackElo "2370"]
[TimeControl "180+1"]
[EndTime "11:03:38 PST"]
[Termination "FMOlexandrProhorov won on time"]

1. e4 Nc6 2. d4 e5 3. dxe5 Nxe5 4. Nf3 Qf6 5. Be2 Bc5 6. O-O Ne7 7. Nc3 O-O 8. Na4 Nxf3+ 9. Bxf3 Bd4 10. c3 Be5 11.
Be3 d6 12. Qd2 h6 13. Be2 Bd7 14. Qc2 g5 15. Rad1 b5 16. Nc5 dxc5 17. Rxd7 Bd6 18.
Bxb5 Qe6 19. Rd1 1-0

[Event "*** Titled Tuesday Blitz"]
[Site "Chess.com"]
[Date "2020.12.01"]
[Round "6"]
[White "cukin84"]
[Black "Forantes"]
[Result "0-1"]
[WhiteElo "2182"]
[BlackElo "2388"]
[TimeControl "180+1"]
[EndTime "11:03:39 PST"]
[Termination "Forantes won by resignation"]

1. e4 c5 2. Nc3 Nc6 3. Bb5 Nd4 4. Bc4 e6 5. Nf3 a6 6. a4 b6 7. O-O Bb7 8. d3 Ne7 9. Nxd4 cxd4 10. Ne2 Nc6 11. Ba2 Be7 12. Bd2 Rc8 13. Kh1 O-O 14. Bf4 f5 15. exf5 Rxf5 16. Qd2 Bf6 17. Ng3 Ra5 18. b4 Rxa4 19. Bxe6+ dxe6 20. Rxa4 e5 21. Bh6 gxh6 22. Qxh6 Qf8 23. Qh5 Ne7 24. b5 a5 25. Rc4 Rxc4 26. dxc4 Ng6 27. Nf5 Bxg2+ 28.
Kg1 Bxf1 29. Nh6+ Kh8 30. Kxf1 Nf4 31. Nf7+ Kg7 32. Qh6+ Kxf7 33. Qxh7+ Qg7 0-1

[Event "*** Titled Tuesday Blitz"]
[Site "Chess.com"]
[Date "2020.12.01"]
[Round "6"]
[White "PotapovaM"]
[Black "malakismayil"]
[Result "1-0"]
[WhiteElo "2580"]
[BlackElo "2272"]
[TimeControl "180+1"]
[EndTime "11:03:40 PST"]
[Termination "PotapovaM won on time"]

1. Nf3 Nf6 2. c4 e6 3. g3 d5 4. Bg2 Be7 5. O-O O-O 6. d4 dxc4 7. Ne5 Nc6 8. Bxc6 bxc6 9. Nxc6 Qe8 10. Nxe7+ Qxe7 11. Nc3 Bb7 12. Qa4 c5 13. Qa3 Rfc8 14. Na4 Nd7 15.
Be3 e5 16. dxc5 f5 17. Qb4 Bd5 18. Qd2 Nf6 19. Bg5 Rd8 20. Qc2 h6 21. Bxf6 Qxf6 22.
Rad1 Qc6 23. f3 Kh8 24. Rd2 e4 25. Rfd1 exf3 26. exf3 1-0

[Event "*** Titled Tuesday Blitz"]
[Site "Chess.com"]
[Date "2020.12.01"]
[Round "6"]
[White "VladimirBugayev"]
[Black "fish7728"]
[Result "1-0"]
[WhiteElo "2290"]
[BlackElo "2148"]
[TimeControl "180+1"]
[EndTime "11:03:41 PST"]
[Termination "VladimirBugayev won by resignation"]

1. e4 c5 2. Nc3 Nc6 3. Bb5 Nd4 4. Nf3 Nxb5 5. Nxb5 a6 6. Nc3 g6 7. d4 Bg7 8. dxc5 Qa5 9. Be3 Bxc3+ 10. bxc3 Qxc3+ 11. Nd2 Nf6 12. O-O O-O 13. Rb1 Rd8 14. Rb3 Qa5 15. Nc4 Qc7 16. e5 Ne8 17. Rd3 Ng7 18. Qd2 Ne6 19. Nb6 Rb8 20. Nd5 Qxe5 21. Nxe7+ Kf8 22. Nd5 d6 23. Bh6+ Ke8 24. Re1 Qf5 25. Nc7+ Kd7 26. Nxe6 fxe6 27. Rxd6+ Kc7 28. Rxd8 Qxc5 29. Be3 Qc6 30.
Bf4+ Kb6 31. Qd4+ Ka5 32. Bxb8 1-0

[Event "*** Titled Tuesday Blitz"]
[Site "Chess.com"]
[Date "2020.12.01"]
[Round "6"]
[White "PelinGorki"]
[Black "Volodar_Murzin"]
[Result "0-1"]
[WhiteElo "2414"]
[BlackElo "2597"]
[TimeControl "180+1"]
[EndTime "11:03:42 PST"]
[Termination "Volodar_Murzin won by resignation"]

1. e4 c5 2. a3 d6 3. b4 Nf6 4.
Nc3 Nc6 5. Nf3 e5 6. Bc4 h6 7.
O-O cxb4 8. axb4 Be6 9. Bxe6 fxe6 10. d4 exd4 11. Nxd4 Nxd4 12. Qxd4 a6 13. e5 dxe5 14. Qxe5 Bxb4 15. Ne4 Qe7 16. Ra4 O-O 17. Bb2 Nxe4 18. Qxe4 Bc5 19. Rc4 Rac8 20. Qg4 Ba7 21. Re4 Rxc2 22.
Rxe6 Qf7 23. Bxg7 Qxf2+ 0-1

[Event "*** Titled Tuesday Blitz"]
[Site "Chess.com"]
[Date "2020.12.01"]
[Round "6"]
[White "Chessalary"]
[Black "Morshynska"]
[Result "0-1"]
[WhiteElo "2392"]
[BlackElo "2265"]
[TimeControl "180+1"]
[EndTime "11:03:42 PST"]
[Termination "Morshynska won by resignation"]

1. e4 e5 2. Nf3 Nc6 3. Bc4 Nf6 4. d3 Be7 5. O-O O-O 6. c3 d6 7. h3 Na5 8. Bb5 a6 9. Ba4 b5 10. Bc2 c5 11. d4 Qc7 12. dxe5 dxe5 13. Qe2 c4 14. Bg5 h6 15. Bh4 Be6 16. Nbd2 Nb7 17.
Rfd1 Nc5 18. Nf1 Rad8 19. Ng3 g5 20. Nxg5 hxg5 21. Bxg5 Rxd1+ 22. Rxd1 Rd8 23. Rxd8+ Qxd8 24. Qf3 Nh7 25. Be3 Nd3 26. Nf5 Bxf5 27. Qxf5 Bg5 28.
Bc5 Nxc5 29. Qxe5 Nd3 30. Qf5 Qf6 31. Qc8+ Kg7 32. f3 Qf4 0-1

[Event "*** Titled Tuesday Blitz"]
[Site "Chess.com"]
[Date "2020.12.01"]
[Round "6"]
[White "Mr_Sinigami"]
[Black "serhanberat_ozdemir"]
[Result "1-0"]
[WhiteElo "2564"]
[BlackElo "2358"]
[TimeControl "180+1"]
[EndTime "11:03:45 PST"]
[Termination "Mr_Sinigami won by resignation"]

1. d4 Nf6 2. Nf3 g6 3. Bf4 Bg7 4. e3 O-O 5. h3 d6 6. Be2 c5 7. c3 Qb6 8. Qb3 Be6 9. Qa3 Nc6 10. Nbd2 cxd4 11. exd4 Rac8 12. O-O Na5 13. Rfe1 Rfe8 14.
Bd3 Nc4 15. Nxc4 Bxc4 16. Bxc4 Rxc4 17. Re2 Nd5 18. Bxd6 Qc6 19. Rae1 Bf8 20. Ne5 Qa4 21. Nxc4 Qxc4 22. Bg3 e5 23. Qb3 Qxb3 24. axb3 Rc8 25. Bxe5 Nb6 26. Bg3 a5 27. Re8 Rc6 28. c4 a4 29. d5 Rc8 30. Rxc8 Nxc8 31. Re8 Ne7 32. Bd6 1-0

[Event "*** Titled Tuesday Blitz"]
[Site "Chess.com"]
[Date "2020.12.01"]
[Round "6"]
[White "igorkovalenko"]
[Black "Isajevsky_Anton"]
[Result "1-0"]
[WhiteElo "2791"]
[BlackElo "2576"]
[TimeControl "180+1"]
[EndTime "11:03:46 PST"]
[Termination "igorkovalenko won on time"]

1. d4 d5 2. Nf3 Nf6 3. c4 e6 4. Nc3 a6 5. cxd5 exd5 6. Bg5 Be6 7. e3 Nbd7 8. h3 Bb4 9. Qb3 c5 10. Be2 Qa5 11. O-O O-O 12. Rfc1 c4 13. Qc2 Rfc8 14.
Bf4 h6 15. a3 Bf8 16. Ne5 b5 17. Bf3 Nb6 18. g4 b4 19. axb4 Qxb4 20. h4 Ne8 21. g5 hxg5 22. hxg5 g6 23. Nxg6 fxg6 24. Qxg6+ Ng7 25. Qh6 Qe7 26. Be5 Nd7 27. Nxd5 1-0

[Event "*** Titled Tuesday Blitz"]
[Site "Chess.com"]
[Date "2020.12.01"]
[Round "6"]
[White "DonPreuss"]
[Black "GAusal"]
[Result "1-0"]
[WhiteElo "2229"]
[BlackElo "2085"]
[TimeControl "180+1"]
[EndTime "11:03:47 PST"]
[Termination "DonPreuss won by checkmate"]

1. d4 d5 2. e4 dxe4 3. Nc3 Nf6 4.
f3 exf3 5. Nxf3 Nbd7 6. Bd3 g6 7.
O-O Bg7 8. Qe1 O-O 9. Qh4 c5 10. Bh6 Bxh6 11. Qxh6 cxd4 12. Ng5 dxc3 13. bxc3 Re8 14.
Nxh7 Nxh7 15. Rxf7 Kxf7 16. Bxg6+ Ke6 17. Bf5+ Kd5 18.
Qe6+ Kc5 19. Rd1 Nhf6 20. c4 a5 21. Rd5+ Kb4 22. Rb5+ Ka3 23. Qe3+ Kxa2 24. Qb3+ Ka1 25.
Qb1# 1-0

[Event "*** Titled Tuesday Blitz"]
[Site "Chess.com"]
[Date "2020.12.01"]
[Round "6"]
[White "mapleaff"]
[Black "Nachsueb"]
[Result "1-0"]
[WhiteElo "2395"]
[BlackElo "2198"]
[TimeControl "180+1"]
[EndTime "11:03:48 PST"]
[Termination "mapleaff won by checkmate"]

1. e4 c5 2. Nf3 Nc6 3. Bb5 g6 4. Bxc6 dxc6 5. d3 Bg7 6. Nc3 e5 7. Be3 Nf6 8. h3 Nd7 9. Qd2 O-O 10. O-O Re8 11. Nh2 b6 12. f4 exf4 13. Bxf4 Ne5 14.
Qf2 Rf8 15. Kh1 Be6 16. a4 a5 17. b3 Nxd3 18. cxd3 Bxc3 19. e5 Bxa1 20. Rxa1 Qxd3 21. Rf1 f6 22. Bh6 Rf7 23. exf6 Bd5 24. Kg1 Qxb3 25.
Ng4 Qa2 26. Qg3 Re8 27. Bg7 Rxg7 28. Nh6+ Kh8 29. fxg7+ Kxg7 30. Nf5+ Kg8 31. Ne7+ Rxe7 32. Qb8+ Kg7 33. Qf8# 1-0

[Event "*** Titled Tuesday Blitz"]
[Site "Chess.com"]
[Date "2020.12.01"]
[Round "6"]
[White "Kotofeyca"]
[Black "NewBornNow"]
[Result "0-1"]
[WhiteElo "2467"]
[BlackElo "2696"]
[TimeControl "180+1"]
[EndTime "11:03:51 PST"]
[Termination "NewBornNow won by resignation"]

1. d4 Nf6 2. c4 Nc6 3. Nc3 e5 4. d5 Ne7 5. h4 h5 6. Nf3 d6 7. g3 g6 8. Ng5 Bg7 9. e4 O-O 10. f3 c6 11. Be3 a6 12. Qd2 b5 13.
dxc6 b4 14. Nd5 Nxc6 15. Nxb4 Nd4 16. Bg2 Qb6 17. a3 a5 18. Bxd4 exd4 19. Nd3 Ba6 20.
Rc1 Rac8 21. b3 Qxb3 22. Kf2 Bxc4 23. Rhd1 Bxd3 24. Rxc8 Rxc8 25. Qxd3 Rc3 26. Qe2 d3 27. Qe1 Rc2+ 28. Kg1 Qb6+ 29. Kh1 Qb2 30. Rb1 d2 31. Qd1 Qxb1 32. Qxb1 Rc1+ 0-1

[Event "*** Titled Tuesday Blitz"]
[Site "Chess.com"]
[Date "2020.12.01"]
[Round "6"]
[White "Chamal_Gedgafov"]
[Black "misterlamine"]
[Result "0-1"]
[WhiteElo "2163"]
[BlackElo "2307"]
[TimeControl "180+1"]
[EndTime "11:03:51 PST"]
[Termination "misterlamine won by resignation"]

1. d4 Nf6 2. c4 d6 3. Nc3 g6 4. e4 Bg7 5. Nf3 O-O 6. Be2 Nbd7 7. Be3 e5 8. d5 h6 9. Nd2 a5 10. Qc2 b6 11. O-O Nc5 12. f3 Nh5 13. Rfe1 Nf4 14. Bf1 f5 15. b3 g5 16. a3 g4 17. fxg4 fxe4 18. h3 h5 19. gxh5 Qg5 20. Kh1 Qxh5 21. Ndxe4 Bf5 22. b4 axb4 23. axb4 Rxa1 24. Rxa1 Nxe4 25. Nxe4 Qh7 26. Bxf4 Bxe4 27. Qb3 exf4 28. Re1 f3 29. Qe3 fxg2+ 30. Bxg2 Bxg2+ 31. Kxg2 Be5 32. Kh1 Qc2 33. Qe2 Qxe2 34. Rxe2 Rf4 35. c5 Rxb4 36. cxd6 Bxd6 37. Kg2 Rd4 0-1

[Event "*** Titled Tuesday Blitz"]
[Site "Chess.com"]
[Date "2020.12.01"]
[Round "6"]
[White "Ginger_GM"]
[Black "esskeettit"]
[Result "1-0"]
[WhiteElo "2620"]
[BlackElo "2448"]
[TimeControl "180+1"]
[EndTime "11:03:54 PST"]
[Termination "Ginger_GM won by checkmate"]

1. d4 Nf6 2. Bg5 e6 3. Nf3 h6 4. Bh4 d5 5. Nbd2 Be7 6. e3 b6 7. c3 O-O 8. Ne5 c5 9. Bd3 Bb7 10. O-O Nbd7 11. f4 Ne4 12. Bxe7 Qxe7 13. Qe2 Ndf6 14. Rad1 Rac8 15. g4 Rfd8 16. Ndf3 Nh7 17. Kg2 f6 18. Ng6 Qf7 19. f5 Nhg5 20. h4 Nxf3 21. Qxf3 e5 22. dxe5 fxe5 23. Bxe4 dxe4 24. Qe2 Qf6 25. Qc4+ Kh7 26. Kg3 Rxd1 27. Rxd1 Rd8 28. Qe2 Bc6 29. c4 Rxd1 30. Qxd1 Be8 31. h5 Qg5 32.
Qd2 Qf6 33. b3 Bf7 34. a4 a6 35. Qd7 b5 36. axb5 axb5 37. Nf8+ Kg8 38. Qc8 Qd6 39.
Ng6+ Kh7 40. Qh8# 1-0

[Event "*** Titled Tuesday Blitz"]
[Site "Chess.com"]
[Date "2020.12.01"]
[Round "6"]
[White "MikeSailer"]
[Black "Chessbard1972"]
[Result "0-1"]
[WhiteElo "2154"]
[BlackElo "2384"]
[TimeControl "180+1"]
[EndTime "11:03:54 PST"]
[Termination "Chessbard1972 won by resignation"]

1. d4 d5 2. Nf3 c5 3. e3 Nc6 4.
Be2 Nf6 5. O-O Bg4 6. h3 Bh5 7. Nbd2 e6 8. b3 cxd4 9. Nxd4 Bxe2 10. Qxe2 Bd6 11. Bb2 O-O 12. Nxc6 bxc6 13. c4 e5 14. cxd5 cxd5 15. Rac1 Qe7 16. Rfd1 Rad8 17. Rc6 Rfe8 18. Rdc1 h6 19. e4 Bb4 20. Rc7 Rd7 21. Rxd7 Qxd7 22.
exd5 Nxd5 23. Ne4 Nf4 24. Qg4 Qxg4 25. hxg4 Ne2+ 26. Kh2 Nxc1 27. Bxc1 Rc8 28. Be3 a5 29. Ng3 Rc2 30. a4 Be1 31. Bb6 Rb2 32. Ne4 Rxb3 33. Bc7 f6 34. Nc5 Ra3 35. f3 Bb4 0-1

[Event "*** Titled Tuesday Blitz"]
[Site "Chess.com"]
[Date "2020.12.01"]
[Round "6"]
[White "dretch"]
[Black "MPGM"]
[Result "0-1"]
[WhiteElo "2821"]
[BlackElo "2665"]
[TimeControl "180+1"]
[EndTime "11:03:55 PST"]
[Termination "MPGM won by resignation"]

1. d4 d5 2. c4 e6 3. Nc3 a6 4.
cxd5 exd5 5. Bf4 Nf6 6. e3 Bd6 7. Bg5 c6 8. Bd3 O-O 9. Qc2 h6 10. Bh4 Re8 11. Nge2 Nbd7 12. Ng3 b5 13. Nf5 Bf8 14.
g4 c5 15. Nxd5 Bb7 16. Nxf6+ Nxf6 17. Rg1 g5 18. Bg3 cxd4 19. Rd1 Rc8 20. Qb1 dxe3 21. Nxe3 Qa5+ 22. Kf1 Ne4 23. Ke2 Qb6 24. Rge1 Qc6 25.
Bxe4 Rxe4 26. Qd3 Rce8 27. a3 Rxe3+ 28. fxe3 Qg2+ 29. Bf2 Bf3+ 30. Kd2 Qxf2+ 31. Kc1 Bxd1 32. Qxd1 Rxe3 33. Rf1 Qe2 0-1

[Event "*** Titled Tuesday Blitz"]
[Site "Chess.com"]
[Date "2020.12.01"]
[Round "6"]
[White "igorcadilhac"]
[Black "szabadaba"]
[Result "0-1"]
[WhiteElo "2462"]
[BlackElo "2666"]
[TimeControl "180+1"]
[EndTime "11:03:56 PST"]
[Termination "szabadaba won by resignation"]

1. e4 c6 2. d4 d5 3. Nc3 dxe4 4. Nxe4 Nd7 5. Bd3 Ngf6 6. Ng5 e6 7.
Ne2 Bd6 8. Bf4 Qc7 9. Qd2 h6 10. Nxe6 fxe6 11. Bg6+ Ke7 12. O-O-O Nf8 13. Bd3 Kf7 14.
Rhe1 Bd7 15. Kb1 Re8 16. f3 b5 17. g4 Nd5 18. Bxd6 Qxd6 19. f4 h5 20. h3 hxg4 21.
hxg4 Ng6 22. Ng3 Ngxf4 23. Ne4 Qe7 24. g5 Rh4 25. Qf2 Reh8 26. Nc5 Bc8 27. Re4 Qxg5 28.
Rg1 Rh1 29. Ree1 Qh4 30. Rxh1 Qxf2 31. Rhf1 Qxd4 0-1

[Event "*** Titled Tuesday Blitz"]
[Site "Chess.com"]
[Date "2020.12.01"]
[Round "6"]
[White "esrosenberg"]
[Black "Klavdia_Nik"]
[Result "1-0"]
[WhiteElo "2220"]
[BlackElo "2064"]
[TimeControl "180+1"]
[EndTime "11:03:58 PST"]
[Termination "esrosenberg won on time"]

1. Nf3 Nf6 2. c4 c5 3. Nc3 g6 4. g3 b6 5. Bg2 Bb7 6. O-O Bg7 7. d4 O-O 8. d5 d6 9. e4 b5 10. e5 dxe5 11. Nxb5 Ne8 12. Rb1 Nd6 13. Na3 e4 14. Nd2 f5 15. Qe2 Nd7 16. f3 Bd4+ 17. Kh1 exf3 18.
Bxf3 Bf6 19. Qe6+ Kg7 20. b4 Ne5 21. bxc5 Bc8 22. cxd6 Bxe6 23. dxe6 Qxd6 24. Nb5 Qc5 25. Bxa8 1-0

[Event "*** Titled Tuesday Blitz"]
[Site "Chess.com"]
[Date "2020.12.01"]
[Round "6"]
[White "HouseOfDurin"]
[Black "Joel1285"]
[Result "0-1"]
[WhiteElo "2089"]
[BlackElo "1837"]
[TimeControl "180+1"]
[EndTime "11:03:59 PST"]
[Termination "Joel1285 won on time"]

1. d4 Nf6 2. Bg5 c5 3. Bxf6 gxf6 4. c3 Qb6 5. Qc2 Nc6 6. e3 Bg7 7. Nd2 O-O 8. g3 d6 9. Bg2 f5 10. Ne2 e6 11. O-O Bd7 12. a3 Rac8 13. Qb3 Qxb3 14. Nxb3 b6 15. a4 c4 16. Nd2 Na5 17. d5 e5 18. e4 Rfe8 0-1

[Event "*** Titled Tuesday Blitz"]
[Site "Chess.com"]
[Date "2020.12.01"]
[Round "6"]
[White "nocnypako"]
[Black "fmshawnrl123"]
[Result "1-0"]
[WhiteElo "2594"]
[BlackElo "2777"]
[TimeControl "180+1"]
[EndTime "11:04:01 PST"]
[Termination "nocnypako won by resignation"]

1. d4 Nf6 2. c4 e6 3. Nc3 Bb4 4.
e3 O-O 5. Ne2 Re8 6. a3 Bf8 7. d5 a5 8. Ng3 Na6 9. Rb1 exd5 10. cxd5 c6 11. Be2 b5 12. O-O Bb7 13.
Bf3 Qb6 14. e4 Rad8 15. Bg5 cxd5 16. exd5 h6 17. Be3 Rxe3 18. fxe3 b4 19. axb4 axb4 20.
Nce4 Nxd5 21. Qd4 Qb5 22. Be2 Qc6 23. Rbc1 Qe6 24. Rf5 Nac7 25. Re5 Qg6 26. Bh5 Qh7 27. Nf5 d6 28. Nfxd6 Ne6 29. Bxf7+ Kh8 30. Rxe6 1-0

[Event "*** Titled Tuesday Blitz"]
[Site "Chess.com"]
[Date "2020.12.01"]
[Round "6"]
[White "PriSachu"]
[Black "Skat2704"]
[Result "1-0"]
[WhiteElo "2528"]
[BlackElo "2344"]
[TimeControl "180+1"]
[EndTime "11:04:01 PST"]
[Termination "PriSachu won by resignation"]

1. e4 c6 2. d4 d5 3. Nd2 dxe4 4. Nxe4 Nf6 5. Nxf6+ exf6 6. c3 Bd6 7. Bd3 O-O 8. Qc2 Re8+ 9. Ne2 h6 10. O-O Qc7 11.
Ng3 Nd7 12. Bd2 Nf8 13. Rae1 Bd7 14. Rxe8 Rxe8 15. Re1 Rxe1+ 16. Bxe1 c5 17. dxc5 Bxc5 18. Qe2 Bc6 19. Bd2 Qe5 20. Be3 Bxe3 21. Qxe3 Qxe3 22. fxe3 Nd7 23. Kf2 Ne5 24. Be2 g6 25. e4 Kf8 26.
Ke3 Ke7 27. Kd4 Kd6 28. c4 b6 29. b4 Bd7 30. c5+ bxc5+ 31. bxc5+ Kc7 32. Bc4 Be6 33. Bd5 Nc6+ 34. Bxc6 Kxc6 35. a3 Kb5 36. Ne2 a5 37.
Nc3+ Kc6 38. g3 Bb3 39. h4 f5 40. exf5 gxf5 41. Ne2 Kb5 42. Nf4 Be6 43. Nxe6 fxe6 44. Ke5 Kxc5 45. Kxe6 a4 46. Kxf5 Kc4 47. g4 Kb3 48. g5 Kxa3 49. gxh6 Kb2 50. h7 a3 51. h8=Q+ 1-0

[Event "*** Titled Tuesday Blitz"]
[Site "Chess.com"]
[Date "2020.12.01"]
[Round "6"]
[White "nikitadovbnya2008"]
[Black "CalinGheorghiu"]
[Result "0-1"]
[WhiteElo "2187"]
[BlackElo "2389"]
[TimeControl "180+1"]
[EndTime "11:04:01 PST"]
[Termination "CalinGheorghiu won by resignation"]

1. d4 Nf6 2. Nf3 g6 3. c4 Bg7 4. Nc3 O-O 5. e4 d6 6. Be2 Nbd7 7. Be3 e5 8. d5 a5 9. Nd2 Nc5 10. b3 Ne8 11. a3 f5 12. f3 fxe4 13. Ndxe4 Qh4+ 14. g3 Qh3 15. Nxc5 dxc5 16. Ne4 b6 17. Qd2 Nd6 18. O-O-O a4 19. b4 cxb4 20. Qxb4 Nxe4 21. fxe4 Qg2 22. Bd3 Bg4 23. Rdf1 Qa2 24. Qb2 Qxb2+ 25. Kxb2 Bh3 26. Rxf8+ Bxf8 27. Rc1 Bc5 28. Bd2 Rf8 29. Bc3 Rf3 30. Rd1 Bd6 31. Bc2 Bxa3+ 32. Kxa3 Rxc3+ 33. Kb2 Rxc4 34. d6 cxd6 35. Rxd6 a3+ 36. Kb3 a2 37.
Rd1 Be6 38. Kb2 b5 39. Rd6 Rxc2+ 40. Kxc2 a1=Q 0-1

[Event "*** Titled Tuesday Blitz"]
[Site "Chess.com"]
[Date "2020.12.01"]
[Round "6"]
[White "juancruzarias"]
[Black "chessmadara"]
[Result "1-0"]
[WhiteElo "2495"]
[BlackElo "2186"]
[TimeControl "180+1"]
[EndTime "11:04:01 PST"]
[Termination "juancruzarias won on time"]

1. e4 c5 2. Nc3 d6 3. g3 g6 4. Bg2 Bg7 5. d3 Nc6 6. f4 e6 7.
Nf3 Nge7 8. O-O O-O 9. h3 Nd4 10. Be3 b5 11. Bf2 b4 12. Na4 Bd7 13. Bxd4 cxd4 14.
b3 Rc8 15. Nb2 Bb5 16. Rf2 Qc7 17. g4 Qc3 18. Rb1 f5 19. Ng5 Bd7 20. Nc4 Rxc4 21.
bxc4 Qa3 22. Qe1 h6 23. Nf3 a5 24. gxf5 gxf5 25. e5 Ng6 26. Nxd4 dxe5 27. Nb5 Bxb5 28.
cxb5 Nxf4 29. b6 Qxa2 30. b7 Nd5 31. c4 b3 32. cxd5 1-0

[Event "*** Titled Tuesday Blitz"]
[Site "Chess.com"]
[Date "2020.12.01"]
[Round "6"]
[White "tteshan"]
[Black "FMKonstantin_Twitch"]
[Result "0-1"]
[WhiteElo "2371"]
[BlackElo "2605"]
[TimeControl "180+1"]
[EndTime "11:04:02 PST"]
[Termination "FMKonstantin_Twitch won by checkmate"]

1. e4 d5 2. exd5 Qxd5 3. Nc3 Qe6+ 4. Be2 Qg6 5. Bf3 Nc6 6. Nge2 Bf5 7. d3 O-O-O 8. Nf4 Qd6 9. Be3 Nf6 10. O-O e5 11.
Nb5 Qe7 12. Bxc6 exf4 13. Nxa7+ Kb8 14. Bxb7 Kxb7 15. Qf3+ Be4 16. Qxf4 Nd5 17. Qxe4 Qxe4 18. dxe4 Nxe3 19. fxe3 Kxa7 20. Rxf7 Kb8 21. e5 g6 22. Re1 Bc5 23. c3 Rde8 24. b4 Ba7 25.
Rd1 Rxe5 26. Rdd7 Bxe3+ 27. Kh1 Bb6 28. h4 Re4 29. Rxh7 Rxh4+ 30. Rxh4 Rxh4# 0-1

[Event "*** Titled Tuesday Blitz"]
[Site "Chess.com"]
[Date "2020.12.01"]
[Round "6"]
[White "ARTHURMOTIVATOR"]
[Black "midedu"]
[Result "0-1"]
[WhiteElo "2224"]
[BlackElo "2108"]
[TimeControl "180+1"]
[EndTime "11:04:03 PST"]
[Termination "midedu won by resignation"]

1. e4 c5 2. b3 Nc6 3. Bb2 d6 4. Bb5 Bd7 5. d3 Nf6 6. f4 a6 7. Bxc6 Bxc6 8. Nf3 e6 9. O-O Be7 10. Nbd2 O-O 11. Qe1 d5 12. Ne5 Rc8 13. Qg3 d4 14.
Nxc6 Rxc6 15. Rae1 b5 16. Nf3 Rc8 17. f5 exf5 18. exf5 Nd5 19. Bc1 Bf6 20. h4 Nb4 21. Re2 Nxa2 22. Bg5 Nc3 23. Re5 Bxe5 24. Nxe5 Ne2+ 25.
Kf2 Nxg3 26. Bxd8 Nxf1 27. Be7 Rfe8 28. f6 Ne3 29. g4 gxf6 30. Bxf6 Rxe5 31. Bxe5 Nxg4+ 32. Kf3 Nxe5+ 33. Ke4 f6 34. Kf5 Kf7 0-1

[Event "*** Titled Tuesday Blitz"]
[Site "Chess.com"]
[Date "2020.12.01"]
[Round "6"]
[White "Vanina1989"]
[Black "BilodeauA"]
[Result "0-1"]
[WhiteElo "2648"]
[BlackElo "2836"]
[TimeControl "180+1"]
[EndTime "11:04:06 PST"]
[Termination "BilodeauA won by resignation"]

1. d4 d5 2. c4 dxc4 3. Nf3 a6 4. a4 Nf6 5. e3 Bg4 6. Bxc4 e6 7.
O-O Nc6 8. Nbd2 Bd6 9. h3 Bh5 10.
b3 O-O 11. Bb2 Nd5 12. e4 Nf4 13. e5 Bb4 14. Ne4 Ne7 15. Ng3 Bg6 16. Nh4 Ned5 17. Nxg6 fxg6 18. Qg4 h5 19. Qd1 Qg5 20. Bc1 h4 21.
Bxd5 exd5 22. Bxf4 Rxf4 23. Ne2 Re4 24. Ra2 Rf8 25. f3 Re3 26. Qc1 Qh6 27. Qxc7 Rxb3 28. Qxb7 Qe3+ 29. Kh1 Bd2 30. Qxd5+ Kh7 31. f4 Qxe2 32. Rg1 Rg3 33. e6 Rxf4 34. e7 Rf2 35.
Rxd2 Rxh3+ 0-1

[Event "*** Titled Tuesday Blitz"]
[Site "Chess.com"]
[Date "2020.12.01"]
[Round "6"]
[White "kkpanu9"]
[Black "alexsuper1987"]
[Result "0-1"]
[WhiteElo "2104"]
[BlackElo "2263"]
[TimeControl "180+1"]
[EndTime "11:04:07 PST"]
[Termination "alexsuper1987 won by resignation"]

1. e4 e6 2. d3 c5 3. Nd2 Nc6 4. Ngf3 g6 5. g3 Bg7 6. Bg2 Nge7 7. O-O O-O 8. c3 d6 9. h4 h6 10. Re1 e5 11. Nf1 f5 12. exf5 Bxf5 13. Ne3 Kh7 14.
Nh2 Be6 15. h5 g5 16. Be4+ Kh8 17. b3 d5 18. Bg2 e4 19. c4 Bxa1 20. Qc2 Bg7 21.
dxe4 Nb4 22. Qe2 dxc4 23. Rd1 Nd3 24. bxc4 Nxc1 25. Rxd8 Nxe2+ 26. Kf1 Nxg3+ 27. Ke1 Bc3+ 28. Kd1 Raxd8+ 29. Kc2 Bg7 30. fxg3 Rf2+ 31. Kb3 Rd3+ 32.
Ka4 0-1

[Event "*** Titled Tuesday Blitz"]
[Site "Chess.com"]
[Date "2020.12.01"]
[Round "6"]
[White "Rodalquilar"]
[Black "SantoBlue"]
[Result "0-1"]
[WhiteElo "2689"]
[BlackElo "2884"]
[TimeControl "180+1"]
[EndTime "11:04:09 PST"]
[Termination "SantoBlue won by resignation"]

1. d4 Nf6 2. Bf4 d5 3. e3 Bf5 4. Nf3 e6 5. c4 Bxb1 6. Rxb1 Bb4+ 7. Ke2 Bd6 8. g3 O-O 9. Qc2 c5 10. dxc5 Bxc5 11. Bg2 Na6 12. a3 Rc8 13. b4 Be7 14. c5 Ne4 15. Rhc1 f6 16. Nd4 e5 17. Ne6 Qd7 18. Nxf8 Kxf8 19. Bxe4 dxe4 20. Qxe4 exf4 21. gxf4 Qg4+ 22. Kf1 Rd8 23. Qxb7 Rd2 24. Qg2 Qe2+ 25. Kg1 Nc7 26. h3 f5 27. a4 Bh4 28. Rf1 Nd5 29. Rb3 Qc4 30. Rbb1 Nxe3 31. Qa8+ Rd8 32. Qxd8+ Bxd8 33. fxe3 Bh4 34. Rfc1 Qe2 35. Rb3 Qf2+ 36. Kh1 Qf3+ 37.
Kg1 Bf2+ 0-1